AoeStats
← RAFAOalexandre

Oasis

509972111Analyzed
2v2 RM · 5d ago on Sep 28, 2026· 25m 15s· 4 players
Game mode
Random Map
Map size
Medium (4 player)
Population
200
Speed
Normal
Resources
Standard
Victory
Conquest
Starting age
Dark Age
Ending age
Imperial Age
RankedLock teamsTeams togetherTeam positionsShared explorationLock speedFull tech treeHidden civsTurbo modeCheats
Victory
Defeat
🇺🇸 Bengalis · United States
834
+11
🇧🇷 Vietnamese · Brazil
804
+12
🇩🇪 Persians · Germany
726
-11
🇩🇪 Vietnamese · Germany
725
-12
dudy
3:26 Loom
10:20 Feudal Age
16:42 Castle Age
15:19 Double-Bit Axe
16:40 Horse Collar
24:39 Town Watch
26:23 Wheelbarrow
RAFAOalexandre
14:07 Feudal Age
14:13 Man-at-Arms
15:25 Loom
16:26 Double-Bit Axe
17:00 Gold Mining
17:32 Fletching
22:00 Padded Archer Armor
Tomzi
10:12 Feudal Age
18:52 Double-Bit Axe
20:32 Gold Mining
20:34 Stone Mining
20:27 Horse Collar
GipfelTuch
11:18 Feudal Age
9:53 Loom
11:47 Double-Bit Axe
12:43 Wheelbarrow
12:26 Gold Mining
16:43 Horse Collar
18:21 Padded Archer Armor
24:18 Castle Age
24:25 Crossbowman
24:33 Crossbowman
25:19 Thumb Ring
Connection lost

Rejoining the realm…

Still unreachable

The connection could not be restored.

Session expired

The server has moved on; the page needs a fresh start.